AoeStats
← Tz.zT

Arena

509745338Analyzed
4v4 RM · 4d ago on Sep 27, 2026· 54m 15s· 8 players
Game mode
Random Map
Map size
Large (8 player)
Population
200
Speed
Normal
Resources
Standard
Victory
Conquest
Starting age
Dark Age
Ending age
Imperial Age
RankedLock teamsTeams togetherTeam positionsShared explorationLock speedFull tech treeHidden civsTurbo modeCheats
Victory
Defeat
🇨🇱 Italians · Chile
1225
+16
🇲🇽 Varangians · Mexico
1211
+17
🇲🇽 Danes · Mexico
1209
+17
🇲🇽 Franks · Mexico
1187
+18
🇨🇳 Goths · China
1275
-19
🇸🇰 Byzantines · Slovakia
1261
-18
🇦🇷 Saracens · Argentina
1239
-17
🇬🇷 Vikings · Greece
1158
-14
De_Aztek
10:22 Feudal Age
9:23 Loom
15:59 Castle Age
14:26 Scale Barding Armor
16:46 Forging
16:50 Husbandry
17:49 Wheelbarrow
17:41 Gold Mining
22:28 Chain Barding Armor
28:54 Double-Bit Axe
33:10 Imperial Age
31:32 Scale Mail Armor
32:08 Iron Casting
32:17 Gold Shaft Mining
31:56 Murder Holes
32:04 Town Watch
32:46 Stone Mining
33:33 Chain Mail Armor
33:28 Squires
33:14 Gambesons
34:29 Conscription
35:26 Plate Mail Armor
35:57 Blast Furnace
35:05 Fletching
35:33 Elite Throwing Axeman
38:15 Hand Cart
38:03 Cavalier
39:50 Ballistics
40:31 Chemistry
39:13 Treadmill Crane
39:00 Light Cavalry
40:50 Capped Ram
42:33 Bow Saw
43:50 Paladin
46:24 Plate Barding Armor
50:57 Masonry
50:53 Siege Engineers
Dark Gundam
10:50 Feudal Age
12:03 Loom
12:23 Double-Bit Axe
12:36 Horse Collar
14:59 Castle Age
17:20 Bow Saw
18:40 Bloodlines
23:01 Gold Mining
24:18 Wheelbarrow
25:14 Stone Mining
25:40 Heavy Plow
30:31 Imperial Age
28:30 Scale Barding Armor
28:36 Forging
29:54 Hand Cart
30:09 Husbandry
30:33 Cavalier
32:25 Chain Barding Armor
32:30 Conscription
31:57 Vendel Legacy
33:28 Iron Casting
32:51 Town Watch
35:15 Plate Barding Armor
35:54 Blast Furnace
38:10 Stone Shaft Mining
38:21 Crop Rotation
38:28 Elite Jarl
39:35 Fletching
39:40 Light Cavalry
43:19 Fortified Wall
42:50 Treadmill Crane
43:32 Ballistics
44:13 Chemistry
43:12 Bodkin Arrow
44:25 Hussar
47:29 Murder Holes
52:27 Spies/Treason
GunsNroses
11:11 Feudal Age
15:04 Castle Age
13:03 Double-Bit Axe
13:02 Horse Collar
16:10 Bow Saw
16:02 Heavy Plow
17:54 Loom
24:34 Gold Mining
28:49 Imperial Age
26:13 Fletching
27:18 Wheelbarrow
26:29 Town Watch
26:51 Padded Archer Armor
27:18 Ballistics
27:47 Squires
27:44 Bodkin Arrow
28:04 Leather Archer Armor
28:55 Fortified Wall
29:27 Hand Cart
30:34 Chemistry
29:36 Bracer
30:06 Ring Archer Armor
29:41 Stone Mining
30:14 Conscription
30:41 Masonry
30:59 Thumb Ring
32:03 Pirotechnia
32:05 Town Patrol
33:09 Forging
33:00 Scale Mail Armor
33:34 Architecture
35:06 Stone Shaft Mining
35:48 Treadmill Crane
36:09 Elite Genoese Crossbowman
39:02 Two-Man Saw
42:28 Coinage
41:59 Caravan
44:51 Chain Mail Armor
45:12 Iron Casting
53:53 Spies/Treason
jusart.92
9:51 Feudal Age
13:51 Castle Age
13:13 Loom
21:23 Fervor
21:26 Redemption
23:20 Sanctity
23:41 Double-Bit Axe
25:00 Gambesons
25:16 Squires
25:02 Arson
26:03 Forging
25:53 Scale Mail Armor
32:01 Imperial Age
30:32 Iron Casting
30:22 Chain Mail Armor
31:05 Fervor
31:32 Thumb Ring
31:18 Elite Skirmisher
31:51 Fletching
32:01 Padded Archer Armor
33:09 Conscription
32:52 Bodkin Arrow
33:43 Leather Archer Armor
33:56 Block Printing
35:11 Bow Saw
36:46 Blast Furnace
37:20 Ballistics
38:00 Chemistry
40:49 Bracer
41:20 Plate Mail Armor
41:21 Ring Archer Armor
43:55 Horse Collar
44:52 Wheelbarrow
44:03 Town Watch
47:20 Hand Cart
48:00 Man-at-Arms
48:58 Siege Engineers
49:32 Town Patrol
49:18 Long Swordsman
49:47 Elite Varangian Guard
50:42 Heavy Plow
50:27 Two-Handed Swordsman
51:30 Champion
53:33 Spies/Treason
54:15 Elite Jomsviking
rayquaza
11:04 Feudal Age
10:16 Loom
14:43 Castle Age
13:18 Double-Bit Axe
17:20 Fletching
20:56 Fortified Wall
21:47 Crossbowman
22:57 Bodkin Arrow
24:23 Padded Archer Armor
25:43 Loom
27:45 Ballistics
30:44 Horse Collar
34:24 Imperial Age
33:06 Leather Archer Armor
32:57 Scale Barding Armor
33:03 Forging
33:28 Heavy Plow
34:04 Wheelbarrow
33:33 Husbandry
35:09 Bracer
35:07 Arbalester
35:57 Cavalier
38:20 Thumb Ring
39:35 Chemistry
40:55 Chain Barding Armor
42:36 Conscription
50:08 Paladin
51:52 Plate Barding Armor
52:08 Iron Casting
Tz.zT
10:43 Feudal Age
14:34 Castle Age
12:48 Double-Bit Axe
15:45 Bow Saw
15:17 Horse Collar
19:38 Gold Mining
21:02 Stone Mining
21:19 Heavy Plow
26:01 Wheelbarrow
29:15 Imperial Age
26:33 Loom
26:38 Town Watch
27:01 Scale Mail Armor
27:36 Hand Cart
27:48 Forging
28:42 Pikeman
29:22 Squires
29:41 Chain Mail Armor
30:02 Iron Casting
29:40 Halberdier
31:23 Man-at-Arms
33:07 Blast Furnace
32:59 Crop Rotation
33:00 Conscription
32:44 Anarchy
32:53 Perfusion
34:32 Two-Man Saw
33:27 Capped Ram
34:27 Anarchy
33:53 Elite Huskarl
36:09 Long Swordsman
38:17 Two-Handed Swordsman
38:50 Champion
choripan con chimi
10:54 Feudal Age
14:48 Castle Age
13:02 Double-Bit Axe
13:09 Horse Collar
18:51 Bow Saw
23:30 Wheelbarrow
25:18 Hand Cart
26:28 Loom
30:28 Imperial Age
28:11 Forging
28:01 Scale Mail Armor
28:07 Scale Barding Armor
27:54 Fletching
28:05 Padded Archer Armor
29:05 Bloodlines
28:58 Husbandry
29:03 Gold Mining
29:08 Stone Mining
29:56 Iron Casting
29:00 Light Cavalry
29:12 Elite Skirmisher
29:57 Thumb Ring
30:19 Town Watch
31:05 Chain Barding Armor
31:45 Conscription
32:47 Chemistry
32:09 Ballistics
31:48 Bodkin Arrow
32:09 Leather Archer Armor
31:20 Hussar
33:23 Blast Furnace
33:39 Bracer
33:34 Heavy Camel Rider
stelios19857
10:38 Feudal Age
14:48 Castle Age
13:23 Double-Bit Axe
13:51 Horse Collar
15:52 Bow Saw
16:26 Heavy Plow
20:05 Gold Mining
21:18 Scale Mail Armor
21:29 Forging
20:44 Man-at-Arms
21:40 Long Swordsman
23:34 Gold Shaft Mining
24:24 Iron Casting
24:06 Chain Mail Armor
Connection lost

Rejoining the realm…

Still unreachable

The connection could not be restored.

Session expired

The server has moved on; the page needs a fresh start.